 Dungeon Crawl Stone Soup version 0.29.1-15-g9cfb28693d (webtiles) character file.

Game seed: 2793956266435489150

116 protoss039 the Digger (level 4, 33/33 HPs)
             Began as a Demonspawn Earth Elementalist on Mar 13, 2023.
             Got out of the dungeon alive.
             The game lasted 00:02:17 (2547 turns).

protoss039 the Digger (DsEE)                        Turns: 2547, Time: 00:02:17

Health: 33/33      AC:  6    Str:  9    XL:     4   Next: 70%
Magic:  8/8        EV: 10    Int: 18    God:
Gold:   164        SH:  0    Dex: 16    Spells: 5/8 levels left

rFire   . . .      SeeInvis .   s - +8 short sword of Vaheucaw {drain, *Noise rN++ Dex+3}
rCold   . . .      Faith    .   (no shield)
rNeg    + + .      Spirit   .   k - +0 ring mail
rPois   .          Reflect  .   (no helmet)
rElec   .          Harm     .   (no cloak)
rCorr   .          Rampage  .   n - +0 pair of gloves
Will    .....                   (no boots)
Stlth   +.........              (no amulet)
HPRegen 0.11/turn               (no ring)
MPRegen 0.11/turn               (no ring)

@: no status effects
A: hooves 1, powered by pain 1, demonic touch 1
a: no special abilities


You escaped.
You visited 1 branch of the dungeon, and saw 3 of its levels.

You collected 164 gold pieces.

Inventory:

Hand Weapons
 i - a +0 whip of freezing
 s - the +8 short sword of Vaheucaw (weapon) {drain, *Noise rN++ Dex+3}
   (You found it on level 2 of the Dungeon)

   A truly terrible weapon, it drains the life of any living foe it strikes.
   Dex:       It affects your dexterity (+3).
   rN:        It greatly protects you from negative energy.
   *Noise:    It may make noises in combat.
Armour
 k - a +0 ring mail (worn)
 n - a +0 pair of gloves (worn)
Wands
 y - a wand of flame (30)
Scrolls
 e - a scroll of magic mapping {unknown}
 f - 2 scrolls of brand weapon {unknown}
 g - a scroll of vulnerability {unknown}
 m - 2 scrolls of teleportation {unknown}
 o - a scroll of enchant armour {unknown}
 p - a scroll of identify {unknown}
 q - a scroll of summoning {unknown}
 r - 2 scrolls of torment {unknown}
 u - a scroll of immolation {unknown}
 x - a scroll of fog {unknown}
 z - a scroll of fear {unknown}
Potions
 a - 2 potions of attraction {unknown}
 b - 2 potions of magic
 c - a potion of might {unknown}
 d - a potion of heal wounds {unknown}
 h - a potion of degeneration {unknown}
 j - 2 potions of mutation {unknown}
 l - a potion of lignification {unknown}
 t - 2 potions of berserk rage {unknown}
 v - a potion of curing {unknown}
 w - a potion of brilliance {unknown}


   Skills:
 + Level 1.8 Fighting
 * Level 2.1 Armour
 - Level 1.7 Dodging
 - Level 1.7 Stealth
 + Level 2.8 Spellcasting
 - Level 0.8 Transmutations
 + Level 3.3 Earth Magic


You had 5 spell levels left.
You knew the following spells:

 Your Spells              Type           Power      Damage    Failure   Level
a - Sandblast             Erth           28%        2d8       12%         1
b - Passwall              Tmut/Erth      8%         N/A       28%         2

Your spell library contained the following spells:

 Spells                   Type           Power      Damage    Failure   Level
 Apportation              Tloc           4%         N/A       41%         1
 Magic Dart               Conj           8%         1d3       41%         1
 Necrotise                Necr           8%         1d4       41%         1
 Summon Small Mammal      Summ           8%         N/A       41%         1
 Call Imp                 Summ           2%         N/A       56%         2
 Stone Arrow              Conj/Erth      16%        3d8       56%         3
 Mephitic Cloud           Conj/Pois/Air  2%         N/A       80%         3
 Petrify                  Tmut/Erth      10%        N/A       88%         4
 Conjure Ball Lightning   Conj/Air       1%         3x3d6     100%        6
 Discord                  Hex            1%         N/A       100%        8
 Disjunction              Tloc           1%         N/A       100%        8


Dungeon Overview and Level Annotations

Branches:
Dungeon (3/15) Zot: 15428

Altars:
Dithmenos


Innate Abilities, Weirdness & Mutations

You have large cloven feet.
You sometimes gain a little power by taking damage.
Your touch may inflict minor irresistible damage on your foes.


Message History

You hit the scorpion.
The scorpion is moderately wounded.
The scorpion closely misses you.
A scorpion is nearby!
You puncture the scorpion!
The scorpion is severely wounded.
The scorpion closely misses you.
A scorpion is nearby!
You hit the scorpion. You drain the scorpion.
You kill the scorpion!
Your Armour skill increases to level 2!
You have reached level 4!
You feel stronger.
Your demonic ancestry asserts itself...
Your hands begin to faintly glow with unholy energy.
Unknown command.
Magic restored.
y - a wand of flame (30) Unknown command.
z - a scroll labelled GASTOU BAIMO You now have 150 gold pieces (gained 16).
You now have 164 gold pieces (gained 14).
Found a faded altar of an unknown god.
Unknown command.
(D) Dungeon
Where to? (Enter - D:2 @ (x,y), ? - help)
What level of the Dungeon? (default 1, ? - help)
Things that are here:
a +0 dagger; a kobold corpse You see here 5 stones.
There is a stone staircase leading up here.
You climb upwards.
There is a stone staircase leading down here.
You see here a +0 short sword.
There is a stone staircase leading up here.
You climb upwards.
There is a stone staircase leading down here.
The kobold shouts!
There is a staircase leading out of the dungeon here.
Are you sure you want to leave the Dungeon?
This will make you lose the game!
You have escaped!

### ####.# #....#
#.##.#
#.##.##########
####.##.#.......@#
...#.##.#.######.#
##.#..#.#.#..>.#.#
##.##.#...#....#.#
##.#..#...#O.?.#.#
##.#..#...#(...#.#
+..#..#...######.#
#..#..#..........#
...####.#.....####


There were no monsters in sight!

Vanquished Creatures
  A scorpion (D:3)
  An adder (D:2)
  2 worms
  A dart slug (D:1)
  An orc (D:3)
  An endoplasm (D:2)
  2 giant cockroaches
  4 goblins
  5 hobgoblins
  2 jackals (D:1)
  7 kobolds
  A quokka (D:2)
  4 ball pythons (D:1)
  4 bats (D:1)
  2 frilled lizards (D:2)
  2 rats
40 creatures vanquished.

Notes
Turn   | Place    | Note
-------+----------+-------------------------------------------
     0 | D:1      | protoss039 the Demonspawn Earth Elementalist began the
                  | quest for the Orb.
     0 | D:1      | Reached XP level 1. HP: 13/13 MP: 3/3
    10 | D:1      | Noticed an ogre
   286 | D:1      | Gained mutation: You sometimes gain a little power by
                  | taking damage. [demonic ancestry]
   286 | D:1      | Reached XP level 2. HP: 14/20 MP: 3/5
   858 | D:1      | Reached skill level 1 in Fighting
   858 | D:1      | Reached skill level 3 in Earth Magic
  1268 | D:1      | Learned a level 2 spell: Passwall
  1518 | D:2      | Discovered your monstrous ancestry.
  1518 | D:2      | Gained mutation: You have large cloven feet. [demonic
                  | ancestry]
  1518 | D:2      | Reached XP level 3. HP: 24/26 MP: 4/6
  1558 | D:2      | Reached skill level 1 in Armour
  1995 | D:2      | Identified the +8 short sword of Vaheucaw {drain, *Noise
                  | rN++ Dex+3}
  2189 | D:3      | Found a shadowy altar of Dithmenos.
  2303 | D:3      | Noticed a scorpion
  2308 | D:3      | Killed a scorpion
  2309 | D:3      | Gained mutation: Your touch may inflict minor irresistible
                  | damage on your foes. [demonic ancestry]
  2309 | D:3      | Reached XP level 4. HP: 33/33 MP: 6/8
  2367 | D:3      | Found a faded altar of an unknown god.
  2547 | D:$      | Got out of the dungeon alive.

Illustrated notes

Levels and vault maps discovered:
D:1:      evilmike_arrival_come_back, layout_basic
D:2:      layout_basic
D:3:      layout_loops_ring, nicolae_dithmenos_through_a_glass_darkly,
          nicolae_ecumenical_lake_church, amethyst_killhole

Skill      XL: |  1  2  3 |
---------------+----------+-----
Fighting       | 1 |  1.8
Earth Magic    | 3 |  3.3
Armour         | 2 |  2.1
Dodging        | |  1.7
Stealth        | |  1.7
Spellcasting   | |  2.8
Transmutations | |  0.8

Action                   |  1- 3 |  4- 6 || total
-------------------------+-------+-------++-------
Melee: Hand axe          |    13 |       ||    13
       Unarmed           |     2 |       ||     2
       Whip              |    40 |       ||    40
       Punch             |     1 |       ||     1
       Short sword       |    11 |       ||    11
       Kick              |     6 |       ||     6
 Cast: Sandblast         |    34 |       ||    34
 Stab: Sleeping          |     1 |       ||     1
Armor: Leather armour    |    24 |       ||    24
       Ring mail         |     9 |       ||     9
Dodge: Dodged            |    64 |       ||    64
